 Dungeon Crawl Stone Soup version 0.30-a0-1043-g60ff8d5f49 (webtiles) character file.

Game seed: 3579470285412977708

8029 Newt the Cleaver (level 11, 0/77 HPs)
             Began as a Demonspawn Gladiator on Apr 10, 2023.
             Was an Elder of Okawaru.
             Slain by a death yak (13 damage)
             ... on level 1 of the Lair of Beasts.
             The game lasted 00:10:29 (8612 turns).

Newt the Cleaver (Demonspawn Gladiator)             Turns: 8612, Time: 00:10:30

Health: 0/77       AC: 14    Str: 18    XL:     11   Next: 4%
Magic:  5/6        EV: 18    Int:  9    God:    Okawaru [****..]
Gold:   570        SH:  0    Dex: 14    Spells: 19/19 levels left

rFire   + + .      SeeInvis .    o - +9 hand axe "Pecydiph" {antimagic, +Blink rPois rF++ Str-2}
rCold   + . .      Faith    .    (no shield)
rNeg    . . .      Spirit   .    N - +1 leather armour {rC+}
rPois   +          Reflect  .    (helmet restricted)
rElec   .          Rampage  .    i - +0 cloak
rCorr   +                        (no gloves)
Will    +....                    d - +2 pair of boots
Stlth   +                        (no amulet)
HPRegen 0.32/turn                F - ring "Xeruwo" {Will+ rCorr AC+4}
MPRegen 0.10/turn                s - +5 ring of evasion

@: hasted, invisible, very quick
A: antennae 1, yellow scales 1, powered by death 1, demonic magic 2
a: Renounce Religion, Evoke Blink, Heroism, Finesse


You were on level 1 of the Lair of Beasts.
You worshipped Okawaru.
Okawaru was greatly pleased with you.
You visited 3 branches of the dungeon, and saw 11 of its levels.
You also visited: Sewer.

You collected 570 gold pieces.

Inventory:

Hand Weapons
 a - a +0 rapier
 n - a +2 dagger of venom
 o - the +9 hand axe "Pecydiph" (weapon) {antimagic, +Blink rPois rF++ Str-2}
   (You found it on level 3 of the Dungeon)

   Str:       It affects your strength (-2).
   rF:        It greatly protects you from fire.
   rPois:     It protects you from poison.
   +Blink:    It lets you blink.
Missiles
 e - a javelin (quivered)
 h - 17 poisoned darts
 r - 7 boomerangs
 P - a throwing net
Armour
 b - a +0 leather armour
 c - a +0 helmet
 d - a +2 pair of boots (worn)
 i - a +0 cloak (worn)
 L - a +1 leather armour of fire resistance
 N - a +1 leather armour of cold resistance (worn)
 Q - a +2 scale mail of willpower
Jewellery
 f - a ring of wizardry
 s - a +5 ring of evasion (right hand)
 y - a ring of flight
 F - the ring "Xeruwo" (left hand) {Will+ rCorr AC+4}
   (You found it on level 6 of the Dungeon)

   [ring of protection]

   AC:        It affects your AC (+4).
   rCorr:     It protects you from acid and corrosion.
   Will:      It increases your willpower.
 G - a ring of resist corrosion
Wands
 j - a wand of polymorph (2)
 u - a wand of charming (20)
 E - a wand of digging (5)
 K - a wand of iceblast (11)
Scrolls
 l - 4 scrolls of fear
 q - 4 scrolls of teleportation
 t - 2 scrolls of poison
 w - a scroll of summoning
 x - a scroll of fog
 A - a scroll of blinking
 D - a scroll of enchant armour
 I - a scroll of enchant weapon
 J - 2 scrolls of identify
 M - a scroll of immolation
Potions
 g - 4 potions of brilliance
 k - 2 potions of mutation
 p - 3 potions of attraction
 v - 2 potions of magic
 z - 3 potions of degeneration
 B - a potion of haste
 C - a potion of invisibility
 H - 3 potions of resistance
 O - a potion of might


   Skills:
 - Level 4.0 Fighting
 - Level 3.4 Short Blades
 - Level 10.0 Axes
 - Level 1.7 Throwing
 - Level 4.0 Armour
 - Level 4.0 Dodging
 + Level 4.7 Spellcasting
 + Level 5.2 Hexes
 + Level 4.7 Fire Magic
 - Level 6.0 Evocations


You had 19 spell levels left.
You didn't know any spells.
Your spell library contained the following spells:

 Spells                   Type           Power      Damage    Failure   Level
 Inner Flame              Hex/Fire       11%        N/A       12%         3
 Cigotuvi's Dreadful Rot  Necr/Pois/Air  4%         N/A       41%         2
 Ignite Poison            Fire/Tmut/Pois 4%         N/A       43%         3
 Yara's Violent Unravell  Hex/Tmut       3%         3d4       96%         5
 Freezing Cloud           Conj/Ice/Air   1%         6-21      100%        5
 Enfeeble                 Hex            5%         N/A       100%        7


Dungeon Overview and Level Annotations

Branches:
Dungeon (9/15)             Temple (1/1) D:7            Lair (1/5) D:9
    Orc (0/2) D:9           Sewer (visited)

Altars:
Ashenzari
Cheibriados
Dithmenos
Fedhas
Gozag
Hepliaklqana
Kikubaaqudgha
Makhleb
Nemelex Xobeh
Okawaru
Qazlal
Ru
Sif Muna
Trog
Uskayaw
Vehumet
Wu Jian
Xom
Yredelemnul

Shops:
D:1 (   D:2 (


Innate Abilities, Weirdness & Mutations

You have a pair of small antennae on your head.
You are partially covered in yellow scales. (AC +2)
You regenerate a little health from kills.
Spells you cast may paralyse nearby enemies.


Message History

You completely miss the death yak.
The death yak bellows!
Your punch misses the death yak.
The death yak is heavily wounded.
You hear a bellow!
The death yak gores you!
* * * LOW HITPOINT WARNING * * *
You hit the death yak.
The death yak is heavily wounded.
Unknown command.
You slash the death yak!
The death yak is heavily wounded.
The death yak completely misses you.
A death yak comes into view.
You hit the death yak.
The death yak is heavily wounded.
You slash the death yak!
The death yak is severely wounded.
The death yak closely misses you.
You feel yourself speed up. The death yak barely misses you.
You fade into invisibility!
The death yak gores you!
* * * LOW HITPOINT WARNING * * *
Unknown command.
You barely miss the death yak.
The death yak is severely wounded.
You catch the helpless death yak completely off-guard!
You hit the death yak.
You punch the death yak, but do no damage.
The death yak is severely wounded.
You slash the death yak!
The death yak is almost dead.
The death yak bellows!
You hit the death yak.
The death yak is almost dead.
You feel like a meek peon again.
You barely miss the death yak.
The death yak is almost dead.
The death yak gores you!
You die...

#.#.##### #.$.....###Y.#
#### #......YY.Y...
.#.########...♣♣♣...♣♣♣.
.............♣# ♣.♣#
.............♣ ♣♣♣
.....####....♣# #♣.♣#
.........+...Y♣♣♣...♣♣
............YYYY@....♣
###..#...#...Y♣♣♣...♣♣
#...##..#...♣# #♣.♣#
#P..........♣ ♣♣♣
##..........♣#
#.....).....♣♣♣..
#........(.......
##....#.#....♣♣♣.
#.....#####.♣#


You could see 6 death yaks.

Vanquished Creatures
  Harold (Lair:1)
  Erica (Lair:1)
  A two-headed ogre (D:9)
  Maggie (Lair:1)
  A hornet (D:9)
  A shadow (D:9)
  A yak (D:8)
  2 wyverns (D:8)
  3 steam dragons (D:6)
  Duvessa (D:7)
  An acid dragon (D:9)
  A water moccasin (D:6)
  3 orc warriors
  2 ice beasts
  An ogre (D:6)
  A sky beast (D:7)
  3 black bears
  A centaur (D:9)
  3 kobold brigands
  4 phantoms
  Blork the orc (D:6)
  3 bullfrogs
  A gnoll sergeant (D:7)
  A scorpion (D:6)
  5 wights (D:9)
  Dowan (D:7)
  A troll zombie (D:9)
  21 killer bees
  A howler monkey (D:8)
  3 hounds
  A gnoll bouda (D:6)
  4 orc priests
  5 jellies
  Crazy Yiuf (D:2)
  2 iguanas
  2 sleepcaps (D:6)
  4 orc wizards
  7 ogre zombies (D:9)
  12 gnolls
  22 adders
  5 river rats (Sewer)
  2 white imps
  An ufetubus (D:4)
  4 worms
  4 dart slugs
  28 orcs
  12 ball pythons
  6 bats
  6 endoplasms
  5 giant cockroaches
  8 goblins
  4 hobgoblins
  10 jackals
  17 kobolds
  8 quokkas
  7 frilled lizards
  4 goblin zombies (D:9)
  2 hobgoblin skeletons (D:9)
  3 hobgoblin zombies (D:9)
  16 orc zombies (D:9)
  9 rats
292 creatures vanquished.

Vanquished Creatures (others)
  A plant (Lair:1)
1 creature vanquished.

Grand Total: 293 creatures vanquished

Notes
Turn   | Place    | Note
-------+----------+-------------------------------------------
     0 | D:1      | Newt the Demonspawn Gladiator began the quest for the Orb.
     0 | D:1      | Reached XP level 1. HP: 16/16 MP: 1/1
    14 | D:1      | Found Esagav's Antique Weapon Shop.
   227 | D:1      | Gained mutation: You regenerate a little health from kills.
                  | [demonic ancestry]
   227 | D:1      | Reached XP level 2. HP: 23/23 MP: 2/2
   705 | D:2      | Gained mutation: Spells you cast may paralyse adjacent
                  | enemies. [demonic ancestry]
   705 | D:2      | Reached XP level 3. HP: 29/29 MP: 3/3
   733 | D:2      | Found a runed translucent door.
   734 | D:2      | Noticed Crazy Yiuf
  1289 | D:2      | Found Axah Xay's Weapon Emporium.
  1339 | D:2      | Reached XP level 4. HP: 28/37 MP: 4/4
  1492 | D:2      | Killed Crazy Yiuf
  1866 | D:3      | Reached XP level 5. HP: 38/42 MP: 5/5
  2053 | D:3      | Found an ornate altar of the Wu Jian Council.
  2216 | D:3      | Identified the +9 hand axe "Pecydiph" {antimagic, +Blink
                  | rPois rF++ Str-2}
  2588 | D:4      | Noticed a phantom
  2595 | D:4      | Reached skill level 1 in Axes
  2599 | D:4      | Killed a phantom
  2600 | D:4      | Reached skill level 2 in Axes
  2600 | D:4      | Gained mutation: You have a pair of small antennae on your
                  | head. [demonic ancestry]
  2600 | D:4      | Reached XP level 6. HP: 44/48 MP: 2/6
  2825 | D:4      | Reached skill level 3 in Axes
  3251 | D:5      | Entered Level 5 of the Dungeon
  3313 | D:5      | Reached skill level 4 in Axes
  3454 | D:5      | Noticed an ice beast
  3463 | D:5      | Killed an ice beast
  3464 | D:5      | Gained mutation: Spells you cast may paralyse nearby
                  | enemies. [demonic ancestry]
  3464 | D:5      | Reached XP level 7. HP: 29/54 MP: 2/7
  3549 | D:5      | Found a glowing drain.
  3570 | Sewer    | Entered a sewer
  3581 | Sewer    | Reached skill level 5 in Axes
  4393 | D:6      | Noticed a steam dragon
  4398 | D:6      | Noticed Blork the orc
  4404 | D:6      | Killed a steam dragon
  4405 | D:6      | Reached skill level 6 in Axes
  4559 | D:6      | Killed Blork the orc
  4621 | D:6      | Noticed a steam dragon
  4630 | D:6      | Reached XP level 8. HP: 27/60 MP: 2/8
  4631 | D:6      | Reached skill level 7 in Axes
  4707 | D:6      | Identified the ring "Xeruwo" {Will+ rCorr AC+4}
  4733 | D:6      | Reached skill level 8 in Axes
  5029 | D:6      | Reached skill level 9 in Axes
  5059 | D:6      | Gained mutation: You are partially covered in yellow
                  | scales. (AC +2) [demonic ancestry]
  5059 | D:6      | Reached XP level 9. HP: 59/65 MP: 3/9
  5333 | D:7      | Reached skill level 10 in Axes
  5334 | D:7      | Reached skill level 1 in Armour
  5646 | D:7      | Found a staircase to the Ecumenical Temple.
  5673 | D:7      | Noticed Dowan
  5675 | D:7      | Noticed Duvessa
  5682 | D:7      | Killed Dowan
  5688 | D:7      | Killed Duvessa
  5699 | Temple   | Entered the Ecumenical Temple
  6163 | Temple   | Became a worshipper of Warmaster Okawaru
  6307 | D:7      | Reached skill level 1 in Evocations
  6975 | D:8      | Reached skill level 5 in Evocations
  7098 | D:8      | Reached * piety under Okawaru
  7306 | D:9      | Found a staircase to the Lair.
  7316 | D:9      | Reached XP level 10. HP: 28/71 MP: 3/10
  7330 | D:9      | Reached skill level 1 in Spellcasting
  7330 | D:9      | Reached skill level 1 in Hexes
  7330 | D:9      | Reached skill level 1 in Fire Magic
  7929 | D:9      | Reached ** piety under Okawaru
  7941 | D:9      | Noticed a two-headed ogre
  7973 | D:9      | Killed a two-headed ogre
  8040 | D:9      | Reached *** piety under Okawaru
  8075 | D:9      | Found a staircase to the Orcish Mines.
  8211 | Lair:1   | Entered Level 1 of the Lair of Beasts
  8239 | Lair:1   | Noticed Harold
  8262 | Lair:1   | Killed Harold
  8301 | Lair:1   | Noticed Erica
  8323 | Lair:1   | HP: 2/71 [something (7)]
  8328 | Lair:1   | Killed Erica
  8328 | Lair:1   | Reached **** piety under Okawaru
  8329 | Lair:1   | Reached skill level 5 in Hexes
  8509 | Lair:1   | Noticed Maggie
  8523 | Lair:1   | Killed Maggie
  8524 | Lair:1   | Reached XP level 11. HP: 62/77 MP: 6/18
  8580 | Lair:1   | Noticed a death yak
  8581 | Lair:1   | Noticed a death yak
  8581 | Lair:1   | Noticed a death yak
  8582 | Lair:1   | Noticed a death yak
  8582 | Lair:1   | Noticed a death yak
  8603 | Lair:1   | Noticed a death yak
  8612 | Lair:1   | Slain by a death yak

Illustrated notes

Levels and vault maps discovered:
D:1:      sevenhm_arrival_forest_fort_small_6, layout_basic, serial_shops, shop
D:2:      layout_loops_cross, serial_shops, shop, uniq_crazy_yiuf_cottage
D:3:      minmay_octagon_keep, layout_loops_ring,
          gammafunk_temple_overflow_statue, hex_large, minivault_19
D:4:      layout_basic, minmay_snake_closets
D:5:      layout_layer_cave, portal_sewer_entry_f
D:6:      kennysheep_spiral_hall, layout_rooms, uniq_blork_the_orc
D:7:      layout_cave_pools, minmay_temple_entry_tees, uniq_duvessa
D:8:      minmay_inner_zag, layout_rooms
D:9:      layout_big_octagon, zombieorc2_lemuel, kennysheep_generic_room_3
Temple:   mainiacjoe_temple_big_plus
Lair:1:   layout_chaotic_city, gauntlet_entry_generic,
          gammafunk_ghost_berserking_beasts, minmay_stone_trees_large,
          infiniplex_staircase_pool_2, uniq_maggie, uniq_harold, uniq_erica

Skill      XL: |  1  2  3  4  5  6  7  8  9 10 |
---------------+-------------------------------+-----
Fighting       | 3 4 |  4.0
Dodging        | 3 4 |  4.0
Short Blades   | 3 |  3.4
Axes           | 2 4 6 9 10 | 10.0
Armour         | 4 |  4.0
Evocations     | 6 |  6.0
Spellcasting   | 4 |  4.7
Hexes          | 5 |  5.2
Fire Magic     | 4 |  4.7
Throwing       | |  1.7

Action                     |  1- 3 |  4- 6 |  7- 9 | 10-12 || total
---------------------------+-------+-------+-------+-------++-------
  Melee: Rapier            |    73 |       |       |       ||    73
         Dagger            |    56 |   118 |       |       ||   174
         Punch             |       |     3 |     6 |     3 ||    12
         Hand axe          |       |   103 |   334 |   231 ||   668
  Throw: Throwing net      |       |     1 |     2 |     1 ||     4
 Invoke: Heroism           |       |       |       |     1 ||     1
    Use: Scroll            |     5 |    10 |     9 |     1 ||    25
         Potion            |       |     1 |       |     8 ||     9
   Stab: Held in net/web   |       |     2 |     1 |     1 ||     4
         Sleeping          |       |     2 |       |       ||     2
         Distracted        |       |     1 |       |       ||     1
         Invisible         |       |       |       |     1 ||     1
 Armour: Leather armour    |    44 |    42 |    71 |    60 ||   217
  Dodge: Dodged            |    91 |   190 |   262 |   241 ||   784

Table legend: (Time is in decaauts)
 A = Elapsed time spent in this place.
 B = Non-inter-level travel time spent in this place.
 C = Inter-level travel time spent in this place.
 D = Time resting spent in this place.
 E = Time spent auto-exploring this place.
 F = Levels seen in this place.
 G = Mean time per level.
                   A        B        C        D        E       F      G
               +--------+--------+--------+--------+--------+-----+--------+
         Total |   8507 |   8205 |    302 |    878 |   5482 |  12 |  708.9 |
       Dungeon |   7305 |   7031 |    274 |    753 |   4790 |   9 |  811.7 |
        Temple |    486 |    458 |     28 |      0 |    449 |   1 |  486.0 |
          Lair |    370 |    370 |      0 |    125 |     32 |   1 |  370.0 |
         Sewer |    344 |    344 |      0 |      0 |    211 |   1 |  344.0 |
               +--------+--------+--------+--------+--------+-----+--------+

Top non-repeatable levels by time:
     D:3: 952 daAuts
     D:5: 949 daAuts
     D:9: 892 daAuts
     D:7: 840 daAuts
     D:2: 823 daAuts
     D:4: 771 daAuts
     D:6: 765 daAuts
     D:1: 694 daAuts
     D:8: 615 daAuts
  Temple: 486 daAuts
  Lair:1: 370 daAuts
   Sewer: 344 daAuts
